 Dungeon Crawl Stone Soup version 0.19.5 (webtiles) character file.

50 Kook the Firebug (level 3, -1/26 HPs)
             Began as a Demonspawn Fire Elementalist on Mar 19, 2017.
             Slain by Grinder (3 damage)
             ... on level 3 of the Dungeon.
             The game lasted 00:07:13 (2213 turns).

Kook the Firebug (Demonspawn Fire Elementalist)     Turns: 2213, Time: 00:07:14

Health: -1/26      AC:  2    Str:  8    XL:     3   Next: 55%
Magic:  5/7        EV: 12    Int: 17    God:
Gold:   110        SH:  0    Dex: 13    Spells: 1 memorised, 6 levels left

rFire  . . .     SeeInvis .     k - +0 spear
rCold  . . .     Gourm    .     a - +0 robe
rNeg   . . .     Faith    .     (no shield)
rPois  .         Spirit   .     (no helmet)
rElec  .         Reflect  .     (no cloak)
rCorr  .         Harm     .     (no gloves)
MR     .....                    (no boots)
Stlth  ++........               (no amulet)
                                (no ring)
                                (no ring)

@: no status effects
A: demonic guardian 1
a: no special abilities


You were on level 3 of the Dungeon.
You were not hungry.

You visited 1 branch of the dungeon, and saw 3 of its levels.

You collected 110 gold pieces.

Inventory:

Hand Weapons
 k - a +0 spear (weapon)
Armour
 a - a +0 robe (worn)
Jewellery
 h - an uncursed ring of ice {unknown}
Wands
 r - a wand of polymorph (15/24)
Scrolls
 g - a scroll of blinking {unknown}
 m - a scroll of identify {unknown}
Potions
 d - a potion of brilliance {unknown}
 e - a potion of might {unknown}
 i - a potion of lignification {unknown}
 j - a potion of agility {unknown}
 l - a potion of degeneration {unknown}
 o - a potion of berserk rage {unknown}
 p - 2 potions of cure mutation {unknown}
 q - a potion of curing {unknown}
Books
 b - a book of Flames

   Spells                             Type                      Level
   a - Flame Tongue                   Conjuration/Fire             1
   b - Throw Flame                    Conjuration/Fire             2
   c - Conjure Flame                  Conjuration/Fire             3
   d - Inner Flame                    Hexes/Fire                   3
   e - Sticky Flame                   Conjuration/Fire             4
   f - Fireball                       Conjuration/Fire             5
Comestibles
 c - 2 bread rations
 f - a beef jerky
 n - 4 chunks of flesh
 s - a meat ration


   Skills:
 * Level 1.3 Fighting
 + Level 0.1 Polearms
 - Level 1.7 Dodging
 - Level 1.7 Stealth
 * Level 2.7 Spellcasting
 * Level 1.7 Conjurations
 * Level 3.0 Fire Magic


You had 6 spell levels left.
You knew the following spells:

 Your Spells              Type           Power        Failure   Level  Hunger
a - Flame Tongue          Conj/Fire      ##...        10%         1    #......


Dungeon Overview and Level Annotations

Branches:
Dungeon (3/15)

Altars:
Zin

Annotations:
D:3 Grinder


Innate Abilities, Weirdness & Mutations

A weak demonic guardian rushes to your aid.


Message History

Casting: Flame Tongue
Confirm with . or Enter, or press ? or * to list all spells.
Aiming: Flame Tongue
Press: ? - help, Shift-Dir - straight line, f/p - Grinder
Aim: Grinder (moderately wounded)
The flame tongue hits Grinder.
Grinder is heavily wounded.
Grinder hits you!
You writhe in agony.
Your iron imp hits Grinder but does no damage.
Casting: Flame Tongue
Confirm with . or Enter, or press ? or * to list all spells.
Aiming: Flame Tongue
Press: ? - help, Shift-Dir - straight line, f/p - Grinder
Aim: Grinder (heavily wounded)
The flame tongue hits Grinder.
Grinder is severely wounded.
Grinder hits you!
* * * LOW HITPOINT WARNING * * *
You writhe in agony.
You die...

.......#'#####
######.......#
...#<#.......# ###
##.#.#.......# #..
.#.#.#.......# #.#
.#.#.........# #.#
.....##......###.######.
##.#.###...............#
##.#.###########@5.....#
#.#.##........'..5....+
#.#.##.########.......#
#.#.##.#..............#
#.#.##.#.####.....#####
#>..........<.....+
####.##.#.###......#
#....##.#.# #>#+####
#.#####.#.# #.#


You could see Grinder and a friendly iron imp.

Vanquished Creatures
  2 dart slugs
  A leopard gecko (D:2)
  3 bats (D:1)
  6 giant cockroaches
  4 goblins
  10 hobgoblins
  A quokka (D:2)
  2 frilled lizards (D:1)
  6 kobolds (D:2)
  5 rats
40 creatures vanquished.

Notes
Turn   | Place    | Note
-------+----------+-------------------------------------------
     0 | D:1      | Kook the Demonspawn Fire Elementalist began the quest for the Orb.
     0 | D:1      | Reached XP level 1. HP: 13/13 MP: 3/3
   321 | D:1      | Gained mutation: A weak demonic guardian rushes to your aid. [demonic ancestry]
   321 | D:1      | Reached XP level 2. HP: 20/20 MP: 1/5
  1330 | D:2      | Reached skill level 1 in Fighting
  1330 | D:2      | Reached XP level 3. HP: 20/26 MP: 0/6
  1636 | D:2      | Found a glowing silver altar of Zin.
  2088 | D:3      | Reached skill level 3 in Fire Magic
  2180 | D:3      | Noticed Grinder
  2183 | D:3      | Paralysed by Grinder for 2 turns
  2213 | D:3      | Slain by Grinder

Skill      XL: |  1  2  3 |
---------------+----------+-----
Fighting       | 1 |  1.3
Fire Magic     | 3 |  3.0
Polearms       | |  0.1
Dodging        | |  1.7
Stealth        | |  1.7
Spellcasting   | |  2.7
Conjurations   | |  1.7

Action                   || total
-------------------------++-------
Melee: Unarmed           ||     7
       Spear             ||    14
 Cast: Flame Tongue      ||    63
 Stab: Sleeping          ||     3
       Distracted        ||     1
  Eat: Chunk             ||     4
Armor: Robe              ||     2
Dodge: Dodged            ||    21
